 Dungeon Crawl Stone Soup version 0.29-a0-341-g24ffce5b50 (webtiles) character file.

Game seed: 2678042967215426368

25 spaghetti the Caller (level 3, 0/25 HPs)
             Began as a Gnoll Summoner on Apr 20, 2022.
             Succumbed to an adder's poison
             ... on level 2 of the Dungeon.
             The game lasted 00:02:30 (1586 turns).

spaghetti the Caller (Gnoll Summoner)               Turns: 1586, Time: 00:02:30

Health: 0/25       AC:  2    Str:  7    XL:     3   Next: 6%
Magic:  4/9        EV: 13    Int: 16    God:
Gold:   18         SH:  0    Dex: 12    Spells: 7/12 levels left

rFire   . . .      SeeInvis .   l - +2 dagger (speed) {short}
rCold   . . .      Faith    .   (no shield)
rNeg    . . .      Spirit   .   a - +0 robe
rPois   .          Reflect  .   (no helmet)
rElec   .          Harm     .   (no cloak)
rCorr   .          Rampage  .   (no gloves)
Will    .....                   (no boots)
Stlth   ++........              (no amulet)
HPRegen 0.08/turn               (no ring)
MPRegen 0.11/turn               (no ring)

@: mighty, lethally poisoned (0 -> -13), wereblooded
A: fangs 1, strong nose, distributed training
a: no special abilities


You were on level 2 of the Dungeon.
You visited 1 branch of the dungeon, and saw 2 of its levels.

You collected 18 gold pieces.


Innate Abilities, Weirdness & Mutations

You have very sharp teeth.
Your uncanny sense of smell can sniff out nearby items.
Your experience applies equally to all skills.


   Skills:
 + Level 0.6 Fighting
 + Level 0.6 Short Blades
 + Level 0.6 Long Blades
 + Level 0.6 Axes
 + Level 0.6 Maces & Flails
 + Level 0.6 Polearms
 + Level 0.6 Staves
 + Level 0.6 Slings
 + Level 0.6 Bows
 + Level 0.6 Crossbows
 + Level 0.6 Throwing
 + Level 0.6 Armour
 + Level 4.5 Dodging
 + Level 4.1 Stealth
 + Level 0.6 Shields
 + Level 0.6 Unarmed Combat
 + Level 5.0 Spellcasting
 + Level 0.4 Conjurations
 + Level 0.4 Hexes
 + Level 7.1 Summonings
 + Level 0.4 Necromancy
 + Level 0.4 Translocations
 + Level 0.4 Transmutations
 + Level 0.4 Fire Magic
 + Level 0.4 Ice Magic
 + Level 0.4 Air Magic
 + Level 0.4 Earth Magic
 + Level 0.4 Poison Magic
 + Level 0.8 Invocations
 + Level 0.6 Evocations


You had 7 spell levels left.
You knew the following spells:

 Your Spells              Type           Power      Damage    Failure   Level
a - Summon Small Mammal   Summ           100%       N/A       1%          1
b - Call Imp              Summ           26%        N/A       1%          2
z - Wereblood             Tmut           5%         N/A       19%         2

Your spell library contained the following spells:

 Spells                   Type           Power      Damage    Failure   Level
 Call Canine Familiar     Summ           26%        N/A       2%          3
 Summon Guardian Golem    Hex/Summ       16%        N/A       10%         3
 Beastly Appendage        Tmut           10%        N/A       13%         1
 Summon Lightning Spire   Summ/Air       16%        N/A       32%         4
 Spider Form              Tmut/Pois      5%         N/A       36%         3

Inventory:

Hand Weapons
 c - a +0 club {mace}
   (You took it off a goblin on level 1 of the Dungeon)
 d - a +0 short sword {short}
   (You found it on level 1 of the Dungeon)
 i - a +0 dagger {short}
   (You took it off a goblin on level 1 of the Dungeon)
 l - a +2 dagger of speed (weapon) {short}
   (You took it off a kobold on level 2 of the Dungeon)
Missiles
 e - 4 javelins {throwing}
 h - 14 stones {throwing}
Armour
 a - a +0 robe (worn)
Scrolls
 f - 2 scrolls of identify {unknown}
 g - a scroll of noise {unknown}
 k - a scroll of immolation {unknown}
Potions
 b - a potion of magic
 j - a potion of might

Dungeon Overview and Level Annotations

Branches:
Dungeon (2/15)

Altars:

.## ... #
.....##... #.
......... ..
..?..... โˆ† ..
...^... #. ...#
. .#
#[###.###...#
#.@Sl...#
#.###5##.# # #.
#.##.#.# # #.
#r.ยง.#.# ## #
########.#.# #.
...........#####
#. ########โ€
....... #.
#.#.##### #.
#.#.## #.


You could see an adder (ally target), a frilled lizard and a friendly crimson
imp (summoned).


Message History

A frilled lizard is nearby!
A frilled lizard is nearby!
A frilled lizard is nearby!
A frilled lizard is nearby!
What are your orders? t - Bark!
Orders for allies: a - Attack new target. r - Retreat! s - Stop attacking. g - Guard the area. f - Follow me.
Anything else - Cancel.
Gang up on whom?
Press: ? - help, Dir - move target There's nothing there!
Unknown command.
An adder comes into view.
The adder hisses angrily.
Casting: Summon Small Mammal (safe; 1% risk of failure)
Confirm with . or Enter, or press ? or * to list all spells.
A beastly little devil appears in a puff of flame.
The frilled lizard hisses angrily. ๐Ÿ˜Ž MP[-2]
You lost 2 mp, and now have 7/9 mp.
Casting: Call Imp (safe; 1% risk of failure)
Confirm with . or Enter, or press ? or * to list all spells.
Your blood is infused with primal strength. ๐Ÿ˜Ž MP[-2]
You lost 2 mp, and now have 5/9 mp.
Casting: Wereblood (safe; 19% risk of failure)
Confirm with . or Enter, or press ? or * to list all spells.
The frilled lizard closely misses you. ๐Ÿ˜Ž MP[-1]
You lost 1 mp, and now have 4/9 mp.
Casting: Summon Small Mammal (safe; 1% risk of failure)
Confirm with . or Enter, or press ? or * to list all spells.
The adder bites you.
You are poisoned.
The adder poisons you! The frilled lizard bites you. The adder bites you.
You are more poisoned.
The adder poisons you! ๐Ÿ˜• HP[-5] MP[-1]
You take 5 damage, and now have 20/25 hp.
You lost 1 mp, and now have 3/9 mp.
You swap places.
The adder attacks as you move away! The adder bites you.
You feel very sick.
Your bat misses the adder.
Your bat closely misses the adder.
The frilled lizard barely misses you.
Your bat hits the frilled lizard. ๐Ÿ˜ฎ HP[-5]
You take 5 damage, and now have 15/25 hp.
The frilled lizard attacks as you move away!
The frilled lizard closely misses you.
You feel sick.
Your bat misses the frilled lizard.
The frilled lizard completely misses your bat.
The adder bites your bat.
Your bat dies!
Your bat's corpse disappears in a puff of smoke! ๐Ÿ˜ฎ HP[-2]
You take 2 damage, and now have 13/25 hp.
It was a potion of might.
You feel very mighty all of a sudden.
You feel sick. The adder bites you.
* * * LOW HITPOINT WARNING * * *
You are lethally poisoned!
The adder poisons you!
Your crimson imp barely misses the adder. ๐Ÿ˜จ HP[-2]
You take 2 damage, and now have 11/25 hp.
You are mighty.
You are lethally poisoned (11 -> -2).
Your melee attacks are strengthened by your wereblood.
Your movement speed is average.
Your attack delay is about 0.6.
Unknown command.
Okay, then.
Unknown command.
You miss the adder.
* * * LOW HITPOINT WARNING * * *
You feel sick. ๐Ÿ˜จ HP[-2]
You take 2 damage, and now have 9/25 hp.
You closely miss the adder. You bite the adder.
* * * LOW HITPOINT WARNING * * *
You feel sick. The adder bites you.
* * * LOW HITPOINT WARNING * * *
You are more poisoned.
The adder poisons you!
Your crimson imp closely misses the adder. ๐Ÿ˜ฑ HP[-3]
You take 3 damage, and now have 6/25 hp.
You barely miss the adder.
* * * LOW HITPOINT WARNING * * *
You feel sick.
The adder closely misses you. ๐Ÿ˜ฑ HP[-2] MP[+1]
You take 2 damage, and now have 4/25 hp.
You hit the adder. Your punch misses the adder.
* * * LOW HITPOINT WARNING * * *
You feel sick.
Your crimson imp hits the adder.
The adder bites you but does no damage. ๐Ÿ˜ฑ HP[-2]
You take 2 damage, and now have 2/25 hp.
You closely miss the adder.
You die...

Skill      XL: |  1  2  3 |
---------------+----------+-----
Spellcasting   | 5 |  5.0
Fighting       | |  0.6
Short Blades   | |  0.6
Long Blades    | |  0.6
Axes           | |  0.6
Maces & Flails | |  0.6
Polearms       | |  0.6
Staves         | |  0.6
Slings         | |  0.6
Bows           | |  0.6
Crossbows      | |  0.6
Throwing       | |  0.6
Armour         | |  0.6
Dodging        | |  4.5
Stealth        | |  4.1
Shields        | |  0.6
Unarmed Combat | |  0.6
Conjurations   | |  0.4
Hexes          | |  0.4
Summonings     | |  7.1
Necromancy     | |  0.4
Translocations | |  0.4
Transmutations | |  0.4
Fire Magic     | |  0.4
Ice Magic      | |  0.4
Air Magic      | |  0.4
Earth Magic    | |  0.4
Poison Magic   | |  0.4
Invocations    | |  0.8
Evocations     | |  0.6

Action                   || total
-------------------------++-------
Melee: Unarmed           ||    71
       Bite              ||    11
       Punch             ||     1
       Dagger            ||    10
 Cast: Summon Small Mamm ||    26
       Call Imp          ||     9
       Wereblood         ||     1
  Use: Potion            ||     1
 Stab: Sleeping          ||     2
       Distracted        ||     1
Armor: Robe              ||    19
Dodge: Dodged            ||    71

Levels and vault maps discovered:
D:1:      saegor_arrival_simple_b, layout_loops_ring,
          hellmonk_ecumenical_altar_prayer_group
D:2:      layout_loops_ring

Notes
Turn   | Place    | Note
-------+----------+-------------------------------------------
     0 | D:1      | spaghetti the Gnoll Summoner began the quest for the Orb.
     0 | D:1      | Reached XP level 1. HP: 13/13 MP: 6/6
     0 | D:1      | magus.rc [v1.9.6]
    39 | D:1      | Found a faded altar of an unknown god.
   166 | D:1      | You pick up a book of Changes and begin reading...
   166 | D:1      | You add the spells Beastly Appendage, Wereblood and Spider
                  | Form to your library.
   220 | D:1      | Reached XP level 2. HP: 15/19 MP: 4/7
   223 | D:1      | Learned a level 2 spell: Call Imp
   226 | D:1      | Learned a level 2 spell: Wereblood
  1383 | D:2      | Reached XP level 3. HP: 14/25 MP: 6/9
  1551 | D:2      | Reached skill level 5 in Spellcasting
  1583 | D:2      | HP: 6/25 [adder (1)]
  1585 | D:2      | HP: 2/25 [poisoned by an adder]
  1586 | D:2      | Succumbed to an adder's poison

Vanquished Creatures
  2 endoplasms (D:1)
  A goblin (D:1)
  A hobgoblin (D:1)
  A bat (D:1)
5 creatures vanquished.

Vanquished Creatures (collateral kills)
  2 endoplasms (D:1)
  3 giant cockroaches
  A goblin (D:1)
  3 hobgoblins (D:1)
  2 quokkas (D:1)
  A ball python (D:2)
  2 bats (D:1)
  2 frilled lizards (D:1)
  A kobold (D:2)
17 creatures vanquished.

Grand Total: 22 creatures vanquished

Table legend:
 A = Non-vault XP
 B = Vault XP
 C = Vault XP percentage of total XP
 D = Non-vault monster count
 E = Vault monster count
 F = Vault count percentage of total count
                 A         B        C        D         E       F
            +---------+---------+-------+---------+---------+-------
      Total |      35 |       2 |   5.4 |      21 |       1 |   4.5
            +---------+---------+-------+---------+---------+-------
        D:1 |      29 |       2 |   6.5 |      17 |       1 |   5.6
        D:2 |       6 |       0 |   0.0 |       4 |       0 |   0.0
            +---------+---------+-------+---------+---------+-------

Illustrated notes

Table legend:
 A = Kills in this place as a percentage of kills in entire the game.
 B = Kills by you in this place as a percentage of kills by you in the entire game.
 C = Kills by friends in this place as a percentage of kills by friends in the entire game.
 D = Other kills in this place as a percentage of other kills in the entire game.
 E = Experience gained in this place as a percentage of experience gained in the entire game.
 F = Experience gained in this place divided by the number of levels of this place that you have seen.
                   A       B       C       D       E      F
               +-------+-------+-------+-------+-------+----------------------
         Total | 100.0 | 100.0 | 100.0 |   N/A | 100.0 |  18.5
       Dungeon | 100.0 | 100.0 | 100.0 |   N/A | 100.0 |  18.5
               +-------+-------+-------+-------+-------+----------------------

Table legend: (Time is in decaauts)
 A = Elapsed time spent in this place.
 B = Non-inter-level travel time spent in this place.
 C = Inter-level travel time spent in this place.
 D = Time resting spent in this place.
 E = Time spent auto-exploring this place.
 F = Levels seen in this place.
 G = Mean time per level.
                   A        B        C        D        E       F      G
               +--------+--------+--------+--------+--------+-----+--------+
         Total |   1581 |   1567 |     14 |      0 |   1301 |   2 |  790.5 |
       Dungeon |   1581 |   1567 |     14 |      0 |   1301 |   2 |  790.5 |
               +--------+--------+--------+--------+--------+-----+--------+

Top non-repeatable levels by time:
     D:1: 1351 daAuts
     D:2: 230 daAuts
